 Dungeon Crawl Stone Soup version 0.29-a0-243-g602b31c20e (webtiles) character file.

Game seed: 8522895985091178842

79 mopl the Magician (level 4, 0/30 HPs)
             Began as a Mummy Fire Elementalist on Mar 4, 2022.
             Killed from afar by Sigmund (12 damage)
             ... with a puff of flame
             ... on level 2 of the Dungeon.
             The game lasted 00:03:15 (2043 turns).

mopl the Magician (Mummy Fire Elementalist)         Turns: 2043, Time: 00:03:16

Health: 0/30       AC:  3    Str: 11    XL:     4   Next: 17%
Magic:  9/9        EV: 12    Int: 16    God:
Gold:   111        SH:  0    Dex: 12    Spells: 8/10 levels left

rFire   x . .      SeeInvis .   b - staff of air
rCold   + . .      Faith    .   (no shield)
rNeg    + + +      Spirit   .   a - +0 robe
rPois   ∞          Reflect  .   (no helmet)
rElec   +          Harm     .   (no cloak)
rCorr   .          Rampage  .   f - +0 pair of gloves
Will    .....                   (no boots)
Stlth   ++........              (no amulet)
HPRegen 0.10/turn               (no ring)
MPRegen 0.11/turn               (no ring)

@: no status effects
A: cold resistance 1, negative energy resistance 3, torment resistance 2, heat
vulnerability 1, in touch with death 1, no potions
a: no special abilities


You were on level 2 of the Dungeon.
You visited 1 branch of the dungeon, and saw 2 of its levels.

You collected 111 gold pieces.

Inventory:

Armour
 a - a +0 robe (worn)
 f - a +0 pair of gloves (worn)
Magical Staves
 b - a staff of air (weapon)
Jewellery
 e - an amulet of faith {!P}
Scrolls
 c - a scroll of magic mapping {unknown}
 d - 3 scrolls of identify {unknown}
 g - a scroll of blinking {unknown}
 h - a scroll of holy word {unknown}
 i - a scroll of noise {unknown}
 j - a scroll of silence {unknown}
 k - a scroll of fear {unknown}


   Skills:
 + Level 0.6 Staves
 - Level 1.5 Dodging
 - Level 1.5 Stealth
 * Level 3.5 Spellcasting
 * Level 1.9 Conjurations
 - Level 2.5 Fire Magic
 * Level 1.2 Air Magic
 + Level 0.4 Evocations


You had 8 spell levels left.
You knew the following spells:

 Your Spells              Type           Power      Damage    Failure   Level
a - Shock                 Conj/Air       44%        1d5       10%         1
b - Foxfire               Conj/Fire      40%        2x1d6     7%          1

Your spell library contained the following spells:

 Spells                   Type           Power      Damage    Failure   Level
 Scorch                   Fire           22%        2d6       10%         2
 Conjure Flame            Conj/Fire      10%        6-21      22%         3
 Inner Flame              Hex/Fire       6%         N/A       30%         3
 Swiftness                Air            10%        N/A       32%         3
 Flame Wave               Conj/Fire      10%        2d5       56%         4
 Airstrike                Air            5%         N/A       71%         4


Dungeon Overview and Level Annotations

Branches:
Dungeon (2/15)

Altars:

Annotations:
D:2 Sigmund


Innate Abilities, Weirdness & Mutations

You are immune to poison.
Your flesh is cold resistant. (rC+)
You are immune to negative energy. (rN+++)
You are immune to unholy pain and torment.
You are vulnerable to heat. (rF-)
You are in touch with the powers of death.
You do not drink.


Message History

You are too injured to fight recklessly!
You are too injured to fight recklessly!
You are too injured to fight recklessly!
You are too injured to fight recklessly!
You are too injured to fight recklessly!
Casting: Foxfire (safe; 7% risk of failure)
Confirm with . or Enter, or press ? or * to list all spells.
Aiming: Shock (safe; 10% risk of failure)
Press: ? - help, Shift-Dir - straight line, f - quokka
Aim: a quokka (severely wounded, 56% to hit)
You feel a surge of power!
The zap hits the quokka.
You kill the quokka!
Unknown command.
You start resting.
Magic restored.
You start resting.
HP restored.
Really walk into a travel-excluded area?
Sigmund shouts!
Sigmund casts a spell at you.
You are confused.
You see here 10 gold pieces.
You're too confused to move!
Sigmund points at you and mumbles some strange words.
You are more confused.
Sigmund mumbles some strange words.
Sigmund flickers and vanishes!
Deactivating autopickup; reactivate with Ctrl-A.
A puff of flame appears from out of thin air!
The puff of flame hits you! The fire burns you terribly!
You are more confused.
A magic dart appears from out of thin air!
The magic dart hits you!
You're too confused to move!
A puff of flame appears from out of thin air!
The puff of flame misses you.
You feel less confused.
A puff of flame appears from out of thin air!
The puff of flame hits you! The fire burns you terribly!
You die...

#...........#####.
#...........[.....
#.................
#...###...........
#.................
#.................
####...............
#..........#.......
#.@...{....#.......
#.........##....###
#.........##....# #
#.........##....#
#.........##....#
####.!....##....#
#......##....#
#......##....#
#########....#


There were no monsters in sight!

Vanquished Creatures
  4 adders (D:2)
  A worm (D:2)
  4 dart slugs
  3 bats
  2 endoplasms (D:2)
  A giant cockroach (D:2)
  2 goblins
  2 hobgoblins (D:2)
  4 quokkas (D:2)
  2 ball pythons (D:2)
  2 frilled lizards (D:2)
  4 kobolds (D:2)
  5 rats
36 creatures vanquished.

Vanquished Creatures (collateral kills)
  A foxfire (D:1)
1 creature vanquished.

Vanquished Creatures (others)
  65 foxfires
  A fungus (D:1)
66 creatures vanquished.

Grand Total: 103 creatures vanquished

Notes
Turn   | Place    | Note
-------+----------+-------------------------------------------
     0 | D:1      | mopl the Mummy Fire Elementalist began the quest for the
                  | Orb.
     0 | D:1      | Reached XP level 1. HP: 13/13 MP: 4/4
   161 | D:1      | Reached skill level 1 in Conjurations
   540 | D:1      | Reached skill level 3 in Spellcasting
   616 | D:1      | Found a faded altar of an unknown god.
   684 | D:1      | Reached XP level 2. HP: 19/19 MP: 6/6
   689 | D:1      | Learned a level 1 spell: Shock
   914 | D:2      | Noticed Sigmund
  1149 | D:2      | Gained mutation: You are in touch with the powers of death.
                  | [Mummy growth]
  1149 | D:2      | Reached XP level 3. HP: 14/24 MP: 2/7
  1489 | D:2      | Reached skill level 1 in Air Magic
  1522 | D:2      | Reached XP level 4. HP: 21/30 MP: 1/9
  2043 | D:2      | Killed from afar by Sigmund

Illustrated notes

Levels and vault maps discovered:
D:1:      lightli_arrival_chessboard, layout_basic,
          shapermc_ecumenical_altar_ellora, hangedman_glass_garden
D:2:      layout_basic, nicolae_underground_beach, uniq_sigmund

Skill      XL: |  1  2  3 |
---------------+----------+-----
Conjurations   | 1 |  1.9
Spellcasting   | 3 |  3.5
Air Magic      | 1 |  1.2
Staves         | |  0.6
Dodging        | |  1.5
Stealth        | |  1.5
Fire Magic     | |  2.5
Evocations     | |  0.4

Action                   |  1- 3 |  4- 6 || total
-------------------------+-------+-------++-------
Melee: Staff             |    49 |    19 ||    68
       Unarmed           |     7 |       ||     7
 Cast: Foxfire           |    31 |     8 ||    39
       Shock             |       |     1 ||     1
 Stab: Sleeping          |     2 |       ||     2
Armor: Robe              |    24 |     2 ||    26
Dodge: Dodged            |    40 |    13 ||    53

Table legend: (Time is in decaauts)
 A = Elapsed time spent in this place.
 B = Non-inter-level travel time spent in this place.
 C = Inter-level travel time spent in this place.
 D = Time resting spent in this place.
 E = Time spent auto-exploring this place.
 F = Levels seen in this place.
 G = Mean time per level.
                   A        B        C        D        E       F      G
               +--------+--------+--------+--------+--------+-----+--------+
         Total |   2055 |   2025 |     30 |    650 |   1003 |   2 | 1027.5 |
       Dungeon |   2055 |   2025 |     30 |    650 |   1003 |   2 | 1027.5 |
               +--------+--------+--------+--------+--------+-----+--------+

Top non-repeatable levels by time:
     D:2: 1185 daAuts
     D:1: 870 daAuts
